 Dungeon Crawl Stone Soup version 0.27-a0-1438-g9b7c6745da (webtiles) character file.

Game seed: 12858439148522723469

126 2tc the Caller (level 4, 0/24 HPs)
             Began as a Deep Elf Summoner on July 4, 2021.
             Was a Plaything of Xom.
             Slain by an orc (6 damage)
             ... on level 3 of the Dungeon.
             The game lasted 00:05:36 (1698 turns).

2tc the Caller (Deep Elf Summoner)                  Turns: 1698, Time: 00:05:36

Health: 0/24       AC:  2    Str:  6    XL:     4   Next: 83%
Magic:  5/10       EV: 12    Int: 20    God:    Xom [.....*]
Gold:   54         SH:  0    Dex: 15    Spells: 6/9 levels left

rFire    . . .     SeeInvis .   d - +1 dagger (venom)
rCold    . . .     Faith    .   (no shield)
rNeg     . . .     Spirit   .   a - +0 robe
rPois    .         Reflect  .   (no helmet)
rElec    .         Harm     .   (no cloak)
rCorr    .         Rampage  .   (no gloves)
Will     .....                  (no boots)
Stlth    ++........             (no amulet)
HPRegen  0.08/turn              (no ring)
MPRegen  0.12/turn              (no ring)

@: brilliant
A: no striking features
a: Renounce Religion


You were on level 3 of the Dungeon.
You worshipped Xom.
You were Xom's teddy bear.
You visited 1 branch of the dungeon, and saw 3 of its levels.

You collected 54 gold pieces.

Inventory:

Hand Weapons
 d - a +1 dagger of venom (weapon)
Armour
 a - a +0 robe (worn)
Scrolls
 b - a scroll of identify


   Skills:
 - Level 2.4 Dodging
 - Level 2.4 Stealth
 - Level 3.0 Spellcasting
 * Level 6.8 Summonings


You had 6 spell levels left.
You knew the following spells:

 Your Spells              Type           Power      Damage    Failure   Level
a - Summon Small Mammal   Summ           100%       N/A       1%          1
b - Call Imp              Summ           45%        N/A       1%          2

Your spell library contained the following spells:

 Spells                   Type           Power      Damage    Failure   Level
 Call Canine Familiar     Summ           45%        N/A       2%          3
 Summon Guardian Golem    Hex/Summ       25%        N/A       11%         3
 Corpse Rot               Necr/Air       N/A        N/A       22%         2
 Summon Lightning Spire   Summ/Air       25%        N/A       34%         4
 Dispel Undead            Necr           4%         3d7       80%         4
 Death Channel            Necr           2%         N/A       100%        6


Dungeon Overview and Level Annotations

Branches:
Dungeon (2/15)

Altars:
Ru
Xom


Message History

Your crimson imp blinks!
Something completely misses your crimson imp.
Your crimson imp blinks!
You barely miss something. Something hits you.
You miss something.
Your crimson imp blinks!
Something hits you.
You miss something.
Your crimson imp disappears in a puff of smoke!
Something completely misses you.
You hit something but do no damage. Something hits you.
* * * LOW HITPOINT WARNING * * *
You hit something but do no damage.
You hear some strange, mumbled words.
You are confused.
Are you sure you want to stumble around while confused and next to your crimson imp?
Okay, then.
Are you sure you want to stumble around while confused and next to your crimson imp?
Okay, then.
You feel clever all of a sudden. Something completely misses you.
Your crimson imp blinks!
You closely miss something.
You bump into the rock wall.
Reactivating autopickup.
You feel a bit more experienced.
Your crimson imp blinks!
You miss the orc.
Your crimson imp blinks!
You feel less confused.
Casting: Call Imp (safe; 1% risk of failure)
Confirm with . or Enter, or press ? or * to list all spells.
You feel a surge of power!
A beastly little devil appears in a puff of flame.
The orc misses you. The orc barely misses you.
You hit the orc.
The orc is poisoned.
The orc is moderately wounded.
The orc hits you with a +1 mace of protection.
You die... "Boring in life, boring in death..."

##..........######
#.....#####.......
#.....############
#.....'.......
#.5...########
#.....#######
#.5...'.....#
#.o...#####.#
#@o.).# ####'##
#.# #)# #.........
#.........
#.........
#.........
..........


You could see 2 orcs and 2 friendly crimson imps.

Vanquished Creatures
  An ogre (D:3)
  An orc wizard (D:3)
  4 orcs (D:3)
  2 bats (D:2)
  A hobgoblin (D:3)
  A kobold (D:3)
  2 quokkas
  A ball python (D:1)
  A frilled lizard (D:1)
  2 goblins (D:3)
16 creatures vanquished.

Vanquished Creatures (collateral kills)
  2 ball pythons
  3 goblins (D:1)
  A quokka (D:1)
  A frilled lizard (D:2)
  A kobold (D:1)
8 creatures vanquished.

Grand Total: 24 creatures vanquished

Notes
Turn   | Place    | Note
-------+----------+-------------------------------------------
     0 | D:1      | 2tc the Deep Elf Summoner began the quest for the Orb.
     0 | D:1      | Reached XP level 1. HP: 10/10 MP: 6/6
   399 | D:1      | Found a faded altar of an unknown god.
   406 | D:1      | Became a worshipper of Xom of Chaos
   683 | D:1      | XOM: silly message
   699 | D:1      | XOM: silly message
   760 | D:1      | XOM: silly message
  1107 | D:2      | Found a sacrificial altar of Ru.
  1111 | D:2      | Reached XP level 2. HP: 15/15 MP: 5/8
  1158 | D:2      | Learned a level 2 spell: Call Imp
  1164 | D:2      | Reached skill level 5 in Summonings
  1196 | D:2      | You fall into a shaft and drop 1 floor!
  1358 | D:3      | XOM: butterfly on damage
  1397 | D:3      | XOM: silly message
  1476 | D:3      | XOM: divination: magic mapping
  1492 | D:3      | Noticed an ogre
  1538 | D:3      | Killed an ogre
  1539 | D:3      | Reached skill level 6 in Summonings
  1539 | D:3      | Reached XP level 3. HP: 19/19 MP: 1/9
  1539 | D:3      | Reached XP level 4. HP: 24/24 MP: 1/10
  1698 | D:3      | Slain by an orc

Illustrated notes

Levels and vault maps discovered:
D:1:      minmay_arrival_split_and_join, layout_basic,
          chequers_ecumenical_altar_simple_redux
D:2:      layout_rooms, basic_altar
D:3:      layout_basic

Skill      XL: |  1  2 |
---------------+-------+-----
Summonings     | 6 |  6.8
Dodging        | |  2.4
Stealth        | |  2.4
Spellcasting   | |  3.0

Action                   |  1- 3 |  4- 6 || total
-------------------------+-------+-------++-------
Melee: Dagger            |    32 |    16 ||    48
       Short sword       |     2 |       ||     2
 Cast: Summon Small Mamm |    20 |       ||    20
       Call Imp          |    11 |     5 ||    16
  Use: Scroll            |     3 |       ||     3
       Potion            |       |     1 ||     1
 Stab: Sleeping          |     1 |       ||     1
Armor: Robe              |     5 |       ||     5
Dodge: Dodged            |    30 |     8 ||    38

Table legend: (Time is in decaauts)
 A = Elapsed time spent in this place.
 B = Non-inter-level travel time spent in this place.
 C = Inter-level travel time spent in this place.
 D = Time resting spent in this place.
 E = Time spent auto-exploring this place.
 F = Levels seen in this place.
 G = Mean time per level.
                   A        B        C        D        E       F      G
               +--------+--------+--------+--------+--------+-----+--------+
         Total |   1696 |   1652 |     44 |      0 |   1403 |   3 |  565.3 |
       Dungeon |   1696 |   1652 |     44 |      0 |   1403 |   3 |  565.3 |
               +--------+--------+--------+--------+--------+-----+--------+

Top non-repeatable levels by time:
     D:1: 1039 daAuts
     D:3: 501 daAuts
     D:2: 155 daAuts
